 Dungeon Crawl Stone Soup version 0.17-a0-1642-gd4b747b (webtiles) character file.

749552 wvc the Slayer (level 27, -16/235 HPs)
             Began as a Demonspawn Skald on Aug 5, 2015.
             Was the Champion of Kikubaaqudgha.
             Killed from afar by Lom Lobon (37 damage)
             ... with a great icy blast
             ... in Pandemonium on Aug 8, 2015.
             The game lasted 05:57:04 (78623 turns).

wvc the Slayer (Demonspawn Skald)                  Turns: 78623, Time: 05:57:06

Health: -16/235    AC: 29    Str: 17    XL:     27
Magic:  38/44      EV: 32    Int: 21    God:    Kikubaaqudgha [******]
Gold:   2149       SH: 16    Dex: 21    Spells: 9 memorised, 8 levels left

rFire  + + +     SeeInvis .     a - +10 rapier "Icven" {elec, rN+}
rCold  + + +     Clarity  .     X - quicksilver dragon armour
rNeg   + + .     SustAt   .     J - +3 buckler {rC+}
rPois  +         Gourm    .     (helmet unavailable)
rElec  +         Spirit   .     r - +1 cloak "Sopsagg" {rF+ Dex+2}
rCorr  +         Warding  .     W - +0 pair of gloves of Complete Protection {rPois MR+ rCorr}
rMut   .         Stasis   .     T - +2 pair of boots of the Assassin {DetectMon Stab+ Stlth++}
MR     ++++.                    L - amulet of regeneration
Stlth  +++.......               l - ring of Uxzior {*Corrode +Fly rF++ rC+ rN+}
                                Z - +6 ring of evasion

@: brilliant, about to teleport, resistant, flying (expiring), very slightly
contaminated, hasted, deflect missiles, very quick, incredibly resistant to
hostile enchantments, fairly stealthy
A: horns 3, large bone plates 3, blurry vision 1, demonic guardian 3, foul
stench 2, mutation resistance 1, augmentation 3, rot immunity, MP-powered wands
a: Receive Corpses, Torment, Renounce Religion
}: 6/15 runes: barnacled, slimy, silver, abyssal, dark, gossamer


You were in Pandemonium.
You worshipped Kikubaaqudgha.
Kikubaaqudgha was exalted by your worship.
You were not hungry.

You visited 13 branches of the dungeon, and saw 64 of its levels.
You visited Pandemonium 1 time, and saw 9 of its levels.
You visited the Abyss 2 times.
You also visited: Labyrinth, Ice Cave and Wizlab.

You collected 9089 gold pieces.
You spent 6850 gold pieces at shops.

Inventory:

Hand weapons
 a - the +10 rapier "Icven" (weapon) {elec, rN+}
   (You bought it in a shop on level 8 of the Dungeon)

   Occasionally, upon striking a foe, it will discharge some electrical energy
   and cause terrible harm.
   It protects you from negative energy.
 j - a +3 demon blade of flaming
 Y - a +9 quick blade of draining
Armour
 r - the +1 cloak "Sopsagg" (worn) {rF+ Dex+2}
   (You bought it in a shop on level 2 of the Orcish Mines)

   It affects your dexterity (+2).
   It protects you from fire.
 J - a +3 buckler of cold resistance (worn)
 T - the +2 pair of boots of the Assassin (worn) {DetectMon Stab+ Stlth++}
   (You bought it in a shop on level 4 of the Orcish Mines)

   It makes you much more stealthy.
 W - the +0 pair of gloves of Complete Protection (worn) {rPois MR+ rCorr}
   (You found it on level 1 of the Vaults)

   It protects you from poison.
   It affects your resistance to hostile enchantments.
   It protects you from acid and corrosion.
 X - a quicksilver dragon armour (worn)
Magical staves
 b - an uncursed staff of wizardry
Jewellery
 e - the ring "Zeokh" {SustAt Dex+3 Slay+2}
   (You found it on level 3 of the Crypt)

   [ring of sustain attributes]

   It sustains your strength, intelligence and dexterity.
   It affects your dexterity (+3).
   It affects your accuracy and damage with ranged weapons and melee attacks
   (+2).
 l - the ring of Uxzior (right hand) {*Corrode +Fly rF++ rC+ rN+}
   (You took it off a deep elf demonologist on level 3 of the Elven Halls)

   [ring of protection from cold]

   It greatly protects you from fire.
   It protects you from cold.
   It protects you from negative energy.
   It lets you fly.
   It may corrode your equipment when you take damage.
 o - an uncursed amulet of resist mutation
 L - an amulet of regeneration (around neck)
 M - an uncursed amulet of resist corrosion
 R - an uncursed ring of see invisible
 Z - a +6 ring of evasion (left hand)
Magical devices
 F - a wand of invisibility (6)
 H - a wand of teleportation (3)
 K - a wand of disintegration (4)
Scrolls
 c - 10 scrolls of fog
 i - 3 scrolls of amnesia
 k - 20 scrolls of remove curse
 n - 27 scrolls of identify
 p - 9 scrolls of immolation
 y - 27 scrolls of teleportation
 C - 11 scrolls of recharging
 E - 3 scrolls of silence
 N - 7 scrolls of blinking
 O - 4 scrolls of summoning
 U - a scroll of magic mapping
Potions
 f - a potion of might
 g - 7 potions of haste
 m - 6 potions of ambrosia
 q - 24 potions of curing
 s - a potion of resistance
 t - a potion of beneficial mutation
 v - 8 potions of agility
 z - 12 potions of flight
 A - 7 potions of magic
 B - 2 potions of cure mutation
 D - 7 potions of brilliance
 P - 8 potions of cancellation
 S - 2 potions of berserk rage
Miscellaneous
 x - a legendary deck of changes {the Blade}
 Q - a phial of floods (inert)
Comestibles
 d - 6 bread rations
 h - 35 meat rations


   Skills:
 - Level 23.0 Fighting
 - Level 13.0 Short Blades
 + Level 1.1(8.6) Long Blades
   Level 2.1 Polearms
 - Level 18.5 Armour
 - Level 16.9 Dodging
 - Level 15.0 Shields
 + Level 17.0 Spellcasting
 - Level 10.5 Charms
   Level 1.0 Summonings
 + Level 13.4 Necromancy
 + Level 4.8 Translocations
 * Level 20.2 Air Magic
   Level 2.0 Invocations
 - Level 5.0 Evocations


You had 8 spell levels left.
You knew the following spells:

 Your Spells              Type           Power        Failure   Level  Hunger
a - Silence               Hex/Air        ######....   1%          5    ##.....
b - Necromutation         Trmt/Necr      ######....   96%         8    #######
c - Deflect Missiles      Chrm/Air       #######...   1%          6    ####...
d - Control Undead        Necr           ######....   1%          4    None
e - Phase Shift           Tloc           ######....   2%          5    ##.....
f - Regeneration          Chrm/Necr      ######....   1%          3    None
g - Dispel Undead         Necr           ######..     1%          5    ##.....
h - Controlled Blink      Tloc           N/A          71%         7    ######.
i - Tornado               Air            #######...   14%         9    #######


Dungeon Overview and Level Annotations

Branches:
Dungeon (15/15)            Temple (1/1) D:4            Lair (8/8) D:11
 Shoals (4/4) Lair:5       Spider (4/4) Lair:4        Slime (6/6) Lair:8
    Orc (4/4) D:9             Elf (3/3) Orc:4        Vaults (5/5) D:14
  Crypt (3/3) Vaults:3       Tomb (0/3) Crypt:3      Depths (5/5) D:15
   Hell (1/1)                 Zot (5/5) Depths:5
    Dis: Hell:1         Geh: Hell:1         Coc: Hell:1         Tar: Hell:1

Altars:
Ashenzari
Cheibriados
Dithmenos
Elyvilon
Fedhas
Gozag
Kikubaaqudgha
Makhleb
Nemelex Xobeh
Okawaru
Qazlal
Ru
Sif Muna
Trog
Vehumet
Xom
Yredelemnul
Zin
The Shining One
Beogh
Jiyva

Shops:
D:4 ?   D:8 (   Orc:2 [   Orc:4 (([*=   Elf:1 ?   Elf:2 !:   Elf:3 ?
Shoals:2 [   Vaults:1 (   Vaults:2 }   Vaults:3 [   Vaults:4 :   Vaults:5 ?
Depths:5 **!=

Portals:
Hell: Lair:8 Depths:1 Depths:2 Depths:3 Depths:4 Depths:5
Abyss: Depths:2 Depths:4
Pandemonium: Depths:3
Ziggurat: Depths:1

Annotations:
Lair:6 exclusion: 2 oklob plants
Shoals:4 Ilsuiw
Elf:2 5 runed doors
Hell Geryon
Pan Lom Lobon


Innate Abilities, Weirdness & Mutations

You have a pair of large horns on your head.
You are completely covered in large bone plates (AC +4, SH +4).
A powerful demonic guardian rushes to your aid.
You frequently emit foul miasma when damaged in melee.
Your magical and physical power is greatly enhanced at high health.
You are immune to rotting.
Scrolls take you a little longer to read.
You are somewhat resistant to further mutation.
You expend magic power (3 MP) to strengthen your wands.


Message History

* * * LOW HITPOINT WARNING * * *
The vortex of raging winds lifts you up.
You fly up into the air.
* * * LOW HITPOINT WARNING * * *
You block Lom Lobon's attack.
You puncture Lom Lobon!
Lom Lobon is severely wounded.
You are engulfed in raging winds.
The ice encasing you melts away.
You miss Lom Lobon.
Lom Lobon is severely wounded.
You are engulfed in raging winds.
* * * LOW HITPOINT WARNING * * *
You puncture Lom Lobon!
Lom Lobon is severely wounded.
Lom Lobon gestures at you.
Lom Lobon conjures a mighty blast of ice!
The great icy blast engulfs you! You partially resist.
You die...
Kikubaaqudgha rasps: "You have failed me!
Welcome... death!"

.≈≈≈≈≈≈≈************
≈≈≈≈≈≈≈≈≈≈≈≈≈≈≈≈≈≈≈***
≈≈≈≈≈≈≈≈≈≈≈≈≈≈≈≈≈≈≈≈≈*
≈≈≈≈≈≈≈≈≈≈≈≈≈≈≈≈≈≈≈≈≈**
≈≈≈≈≈≈#######≈≈≈≈≈≈≈≈≈*
≈≈≈####....§####≈≈≈≈≈≈*
####.......§§§§###≈≈≈≈**
#........⌠§§§§§§§##≈≈≈≈*
#.........)§§§§&@§##≈≈≈*
..........)§§§§§.§§##≈≈*
....).#######§§§§§§§#≈≈**
.).####.§§§§#§§#§§§≈#≈≈≈*
.###....§§§§§§.###≈≈#*≈≈*
##,,....§.§§$..§§##≈≈#≈≈*
#,,,......§§.§§§.§##≈#≈≈*
,,,,........§§....§###≈≈*
,,,,...............#*≈≈**


You could see Lom Lobon.

Vanquished Creatures
  the royal jelly (Slime:6)
  Gloorx Vloq (Pan)
  An orb of fire (Zot:2)
  Sojobo (Depths:5)
  Boris (Depths:3)
  Frederick (Depths:3)
  Norris (D:13)
  2 Killer Klowns (Zot:2)
  A curse toe (Zot:4)
  A caustic shrike (Depths:1)
  12 golden dragons
  Nikola (Depths:3)
  Xtahua (Depths:4)
  3 bone dragons
  4 pandemonium lords (Pan)
  3 electric golems
  Jorgrun (Depths:4)
  14 tentacled monstrosities
  2 Ice Fiends (Pan)
  13 titans
  8 liches
  2 Shadow Fiends (Pan)
  7 deep elf blademasters
  13 acid blobs
  5 deep elf master archers
  4 tentacled starspawn
  2 sphinxes
  An octopode crusher (Depths:4)
  An ancient champion (Crypt:2)
  18 Executioners (Pan)
  4 warmongers (Pan)
  11 storm dragons
  10 azure jellies
  14 shadow dragons
  The ghost of asdu the Bludgeoner, a mighty CeBe of Trog (Shoals:4)
  6 draconian monks
  10 tengu reavers
  A revenant (Crypt:2)
  14 fire giants
  Wiglaf (Depths:1)
  20 frost giants
  2 draconian knights
  2 orc warlords
  7 emperor scorpions
  4 iron dragons
  14 vault wardens
  3 draconian shifters
  3 draconian scorchers
  5 curse skulls
  A cacodemon (Pan)
  13 deep elf sorcerers
  4 draconian zealots
  5 ghost moths
  11 ironheart preservers
  5 balrugs
  9 ghouls (Crypt:3)
  3 spriggan defenders (Depths:3)
  4 draconian annihilators
  17 very ugly things
  A reaper (Pan)
  2 vampire knights
  2 salamander firebrands (Depths:4)
  2 corrupters (Pan)
  A draconian caller (Zot:1)
  17 deep elf demonologists
  31 stone giants
  8 green draconians
  2 blood saints (Pan)
  9 red draconians
  8 white draconians
  A chaos champion (Pan)
  7 black draconians
  A dire elephant (Lair:8)
  12 deep elf annihilators
  7 lorocyprocas
  8 mottled draconians
  5 yellow draconians
  5 purple draconians
  3 black suns (Pan)
  8 deep elf death magi
  12 eidola
  15 ettins
  Snorg (Orc:3)
  18 fire dragons
  5 merfolk javelineers
  7 death oozes (Slime:6)
  6 jiangshi
  4 blizzard demons
  A quicksilver dragon zombie (Crypt:3)
  25 yaktaur captains
  8 green deaths
  Josephine (Lair:5)
  6 merfolk impalers
  31 vault guards
  A fire dragon (shapeshifter) (Vaults:5)
  A mummy priest (Crypt:3)
  A great orb of eyes (shapeshifter) (Depths:3)
  A minotaur (Lab)
  8 death cobs
  6 hydras
  5 deep elf high priests
  6 entropy weavers
  2 hell beasts
  An entropy weaver (shapeshifter) (Vaults:5)
  11 great orbs of eyes
  17 ice dragons
  2 spriggan air magi (Depths:3)
  5 monstrous demonspawn (Pan)
  9 rakshasas
  A merfolk avatar (Shoals:4)
  2 alligator snapping turtles (Shoals:4)
  10 ogre magi
  5 death knights
  A satyr (Shoals:4)
  A merfolk aquamancer (Shoals:4)
  9 centaur warriors
  3 dancing weapons
  3 deep troll shamans (Depths:4)
  6 tengu warriors
  2 vampire magi
  2 titan zombies (Crypt:3)
  3 orc high priests (Orc:4)
  3 spriggan berserkers
  14 deep troll earth magi
  4 thrashing horrors
  4 sun demons
  8 soul eaters
  8 hell knights
  A shock serpent (shapeshifter) (Depths:3)
  A fire crab (shapeshifter) (Depths:1)
  A salamander mystic (Depths:4)
  7 spriggans
  A titan skeleton (Pan)
  4 wretched stars (Abyss:3)
  37 skeletal warriors
  2 fire crabs
  4 iron trolls (Depths:4)
  A golden dragon zombie (Crypt:1)
  An anaconda zombie (Abyss:1)
  6 shadow wraiths
  4 infernal demonspawn (Pan)
  5 sea snakes
  2 gelid demonspawn (Pan)
  19 deep elf knights
  11 flayed ghosts
  6 giant orange brains
  10 unseen horrors
  4 ice devils
  6 shadow demons (Pan)
  9 ironbrand convokers
  4 ice statues
  15 deep elf summoners
  3 torturous demonspawn (Pan)
  4 obsidian statues
  3 putrid demonspawn (Pan)
  A lindwurm (shapeshifter) (Vaults:2)
  2 anaconda skeletons
  19 deep elf conjurers
  6 necromancers
  16 deep trolls
  15 wizards
  24 phantasmal warriors
  9 hill giants
  A faun (shapeshifter) (Vaults:5)
  13 harpies
  15 orc knights
  73 ugly things
  2 iron dragon zombies (Crypt:3)
  5 hornets
  A shining eye (Slime:3)
  A salamander (shapeshifter) (Vaults:4)
  6 griffons
  9 orb spiders
  12 orc sorcerers
  A frost giant zombie (Crypt:3)
  A human zombie (Vaults:4)
  A shining eye (shapeshifter) (Depths:3)
  17 wolf spiders
  4 black mambas
  A fire giant zombie (Vaults:1)
  3 moths of wrath (shapeshifter)
  5 salamanders
  3 oklob plants (Zot:1)
  8 manticores
  6 cyclopes
  2 water nymphs (Shoals:4)
  5 sirens
  3 frost giant skeletons (Pan)
  2 centaur zombies
  26 moths of wrath
  2 octopodes (shapeshifter)
  A naga mage (Abyss:1)
  2 fire giant skeletons
  3 stone giant skeletons
  19 spiny frogs
  9 elephants
  3 worldbinders
  A torpor snail (shapeshifter) (Depths:4)
  15 sixfirhies
  4 rust devils
  19 smoke demons
  10 orange demons
  5 gargoyles
  10 vault sentinels
  3 efreet
  An eye of devastation (shapeshifter) (Vaults:5)
  A catoblepas zombie (Crypt:3)
  68 yaktaurs
  3 yaktaur zombies
  3 kobold demonologists
  7 tengu conjurers
  6 komodo dragons
  13 demonic crawlers
  2 tormentors (Pan)
  A catoblepas skeleton (Pan)
  5 red devils (Pan)
  11 deep elf priests
  16 freezing wraiths
  4 fire drakes
  2 trolls (shapeshifter)
  2 yaktaurs (shapeshifter)
  3 ancient zymes
  3 human skeletons (Vaults:1)
  3 hydra zombies (Crypt:3)
  13 blue devils
  A guardian mummy (Crypt:3)
  23 jumping spiders
  17 hellwings
  2 polar bears (Lair:8)
  8 trolls
  A harpy skeleton (Crypt:1)
  9 wind drakes
  A wind drake (shapeshifter) (Vaults:4)
  16 merfolk
  A queen bee (Depths:4)
  A minotaur skeleton (Lab)
  3 burning bushes (Zot:1)
  15 raiju (Abyss:3)
  8 boulder beetles
  54 slime creatures
  2 ushabtiu (Crypt:3)
  3 snapping turtles
  19 two-headed ogres
  A hydra skeleton (Pan)
  2 trapdoor spider zombies
  A slime creature (shapeshifter) (Vaults:5)
  A stone giant simulacrum (Vaults:3)
  25 blink frogs
  17 large abominations
  14 water elementals
  44 air elementals
  8 wyverns
  13 trapdoor spiders
  An ice dragon zombie (Crypt:3)
  34 redbacks
  6 ynoxinuls
  Sigmund (D:3)
  5 flying skulls (Crypt:2)
  2 humans (shapeshifter)
  20 wraiths
  28 deep elf magi
  19 vampire mosquitoes
  5 shadows
  3 ettin skeletons
  13 tarantellas
  A satyr skeleton (Crypt:1)
  A vampire (Crypt:1)
  A fire bat (shapeshifter) (Depths:1)
  A tarantella (shapeshifter) (Vaults:5)
  16 golden eyes
  5 basilisks
  7 neqoxecs
  11 hippogriffs
  41 yaks
  14 humans
  3 wargs
  A hungry ghost (Lab)
  The ghost of emiel the Conjurer, an average CeWz (D:3)
  2 hogs (D:8)
  3 soldier ants
  Menkaure (D:5)
  A monstrous demonspawn zombie (Crypt:1)
  13 insubstantial wisps
  35 deep elf fighters
  4 wolves (Lair:8)
  14 water moccasins
  A deep troll zombie (Crypt:1)
  3 sky beasts
  14 porcupines
  A mottled dragon (D:11)
  Duvessa (D:5)
  6 hell hounds
  30 spiders
  4 black bears
  53 orc warriors
  5 eyes of draining
  A faun skeleton (Crypt:1)
  2 phantoms
  A water moccasin (shapeshifter) (D:15)
  2 eyes of draining (shapeshifter)
  6 ice beasts
  10 wasps
  13 necrophages (Crypt:3)
  A spider (shapeshifter) (Vaults:2)
  52 ogres
  14 small abominations
  A spiny frog skeleton (Pan)
  17 centaurs
  An ettin simulacrum (Vaults:4)
  A swamp dragon skeleton (Pan)
  A hog zombie (Crypt:2)
  A manticore zombie (Crypt:3)
  A snapping turtle skeleton (Crypt:2)
  5 big kobolds
  4 boggarts
  Blork the orc (D:6)
  12 crocodiles
  15 giant frogs
  11 wyvern skeletons (Crypt:3)
  4 scorpions
  Dowan (D:5)
  31 killer bees
  An oklob sapling (Zot:1)
  6 wights
  15 crimson imps
  8 electric eels
  2 giant frog zombies
  4 quasits
  7 starcursed masses
  12 hounds
  5 iron imps
  18 jellies
  6 centaur skeletons
  5 draconian simulacra (IceCv)
  Crazy Yiuf (D:3)
  2 giant frog skeletons
  40 orc priests
  59 orc wizards
  2 human simulacra
  Jessica (D:2)
  5 iguanas
  Terence (D:3)
  8 worker ants
  A killer bee zombie (D:7)
  A naga zombie (Crypt:2)
  A troll simulacrum (IceCv)
  24 sheep
  A tengu zombie (Crypt:2)
  A big kobold skeleton (Crypt:2)
  A mottled dragon skeleton (Crypt:1)
  A hound skeleton (D:4)
  2 ogre simulacra (IceCv)
  10 gnolls
  18 adders
  45 river rats
  4 worker ant zombies
  2 naga simulacra (IceCv)
  A swamp drake skeleton (Crypt:2)
  17 white imps
  A shadow imp (D:12)
  An ufetubus (Abyss:2)
  An adder zombie (Crypt:2)
  2 oozes
  A sheep skeleton (Crypt:1)
  2 adder skeletons
  4 worms
  3 giant geckos
  257 orcs
  A ball python (D:3)
  9 bats
  7 giant cockroaches
  6 goblins
  6 hobgoblins
  20 jackals
  21 kobolds
  5 quokkas
  A ball python skeleton (Crypt:1)
  A giant gecko skeleton (Crypt:1)
  4 giant newts
  A hobgoblin zombie (Crypt:1)
  A quokka zombie (D:5)
  13 rats
  2 blocks of ice (Pan)
  A lurking horror (Abyss:2)
  A plant (Shoals:4)
  4 starspawn tentacles
  4 tentacles (Abyss:1)
3205 creatures vanquished.

Vanquished Creatures (collateral kills)
  A pandemonium lord (Pan)
  3 ancient liches
  Boris (Crypt:3)
  The ghost of cmdexe the Axe Maniac, a great HOFi of Yredelemnul (Vaults:5)
  A golden dragon (Zot:2)
  2 profane servitors (Crypt:3)
  A Cloud Mage (WizLab)
  2 liches
  A deep elf master archer (Crypt:3)
  4 titans
  A quicksilver dragon (Depths:4)
  2 acid blobs (Slime:6)
  3 shadow dragons
  2 tengu reavers
  A storm dragon (Zot:4)
  A deep elf sorcerer (Elf:3)
  2 fire giants (Crypt:3)
  A frost giant (Vaults:5)
  3 draconian shifters (Zot:3)
  A warmonger (Pan)
  A vault warden (Vaults:5)
  2 ironheart preservers
  5 stone giants
  2 emperor scorpions (Spider:4)
  4 very ugly things (Depths:5)
  2 black draconians
  A green draconian (Zot:2)
  2 red draconians
  A yellow draconian (Crypt:3)
  3 white draconians
  3 purple draconians
  A blizzard demon (Pan)
  2 merfolk impalers (Shoals:4)
  A merfolk javelineer (Shoals:4)
  A yaktaur captain (Vaults:5)
  3 death oozes (Slime:6)
  3 fire dragons
  An ice dragon (Depths:4)
  A deep elf high priest (Depths:5)
  A jiangshi (Depths:2)
  A monstrous demonspawn (Pan)
  2 merfolk aquamancers (Shoals:4)
  A great orb of eyes (Depths:5)
  A merfolk avatar (Shoals:2)
  A centaur warrior (Depths:1)
  2 ogre magi
  A dancing weapon (Vaults:1)
  A spriggan berserker (Depths:3)
  2 thrashing horrors (Abyss:3)
  2 soul eaters (Pan)
  A deep elf knight (Crypt:3)
  2 skeletal warriors (Crypt:1)
  4 unseen horrors (Abyss:3)
  A hell knight (Depths:5)
  A sea snake (shapeshifter) (Depths:5)
  A flayed ghost (Crypt:1)
  A sea snake (Shoals:4)
  A necromancer (Vaults:4)
  5 ugly things
  An ironbrand convoker (Vaults:3)
  A phantasmal warrior (Vaults:5)
  An orb spider (Spider:4)
  2 moths of wrath (Zot:2)
  2 griffons
  2 fauns (Shoals:1)
  2 elephants
  3 harpies
  4 orange demons
  A vault sentinel (Vaults:5)
  A rust devil (Abyss:3)
  A guardian serpent (Abyss:1)
  A spiny frog (Lair:8)
  3 yaktaurs
  A black mamba (Lair:8)
  An anaconda simulacrum (Abyss:3)
  A smoke demon (Abyss:1)
  3 red devils
  A queen bee (shapeshifter) (Vaults:4)
  2 jumping spiders (Spider:4)
  3 merfolk
  A troll (D:12)
  2 two-headed ogres
  4 slime creatures
  A raiju (Abyss:3)
  A snapping turtle (Shoals:4)
  A blink frog (Lair:8)
  A redback (Spider:4)
  3 trapdoor spiders (Spider:4)
  3 humans (D:14)
  A deep elf mage (Vaults:5)
  A wyvern (D:8)
  An air elemental (Abyss:3)
  A yak (Lair:4)
  5 deep elf fighters
  An insubstantial wisp (WizLab)
  3 nagas (Abyss:1)
  6 ogres
  An orc warrior (Orc:3)
  A black bear (D:11)
  3 boggarts (Depths:3)
  A giant frog (D:15)
  2 big kobolds (D:13)
  An electric eel (Spider:4)
  5 crimson imps (Depths:1)
  3 jellies (Slime:6)
  A quasit (Abyss:1)
  An iguana (D:8)
  2 worker ants
  3 sheep (Lair:3)
  A river rat (Lair:6)
  A white imp (Depths:1)
  9 orcs
  A bat (D:3)
  A jackal (D:8)
  4 kobolds
  A giant newt (D:6)
  A goblin (D:2)
  A plant (Shoals:4)
  A starspawn tentacle (Abyss:1)
223 creatures vanquished.

Vanquished Creatures (others)
  Margery (Depths:5)
  A deep elf blademaster (Crypt:3)
  A fire giant (Depths:5)
  2 draconian scorchers
  A green draconian (Crypt:3)
  A blizzard demon (Pan)
  6 ball lightnings (Pan)
  A gelid demonspawn (Pan)
  A putrid demonspawn (Pan)
  An orange demon (Depths:1)
  A yaktaur (Depths:5)
  A tengu conjurer (Depths:4)
  A two-headed ogre (Vaults:5)
  A redback (Crypt:3)
  2 orc warriors
  An ogre (Vaults:5)
  A crimson imp (Depths:1)
  An orc wizard (D:9)
  A river rat (Lair:1)
  An ufetubus (Abyss:3)
  10 orcs
  16 fungi
  12 lost souls
  2 lurking horrors (Abyss:3)
  18 plants
  5 starspawn tentacles
  39 starspawn tentacle segments
  5 tentacles (Abyss:1)
  417 tentacle segments (Abyss:1)
551 creatures vanquished.

Grand Total: 3979 creatures vanquished

Notes
Turn   | Place    | Note
--------------------------------------------------------------
     0 | D:1      | wvc the Demonspawn Skald began the quest for the Orb.
     0 | D:1      | Reached XP level 1. HP: 16/16 MP: 3/3
    44 | D:1      | Reached skill level 1 in Dodging
   287 | D:1      | Reached skill level 1 in Armour
   287 | D:1      | Gained mutation: A weak demonic guardian rushes to your aid. [demonic ancestry]
   287 | D:1      | Reached XP level 2. HP: 20/22 MP: 5/5
   735 | D:1      | Reached skill level 1 in Short Blades
   735 | D:1      | Reached XP level 3. HP: 27/27 MP: 6/6
   839 | D:2      | Noticed Jessica
   845 | D:2      | Killed Jessica
   845 | D:2      | Reached XP level 4. HP: 30/33 MP: 7/7
  1281 | D:3      | Reached XP level 5. HP: 31/38 MP: 8/8
  1337 | D:3      | Noticed emiel's ghost (average CeWz)
  1496 | D:3      | Noticed Sigmund
  1513 | D:3      | Killed Sigmund
  1513 | D:3      | Reached skill level 4 in Short Blades
  1513 | D:3      | Gained mutation: You are partially covered in large bone plates (AC +2, SH +2). [demonic ancestry]
  1513 | D:3      | Reached XP level 6. HP: 16/44 MP: 9/9
  1735 | D:3      | Killed emiel's ghost
  1735 | D:3      | Reached skill level 5 in Short Blades
  2338 | D:3      | Noticed Terence
  2351 | D:3      | Killed Terence
  2351 | D:3      | Reached XP level 7. HP: 47/50 MP: 10/10
  2680 | D:3      | Noticed Crazy Yiuf
  2690 | D:3      | Killed Crazy Yiuf
  2835 | D:4      | Found a staircase to the Ecumenical Temple.
  2841 | Temple   | Entered the Ecumenical Temple
  3015 | Temple   | Became a worshipper of Warmaster Okawaru
  3094 | D:4      | Reached skill level 6 in Short Blades
  3511 | D:4      | Found Kyblaosul's Magic Scroll Emporium.
  3569 | D:4      | Bought a scroll of magic mapping for 45 gold pieces
  3569 | D:4      | Bought a scroll of magic mapping for 45 gold pieces
  3569 | D:4      | Bought a scroll of remove curse for 39 gold pieces
  3569 | D:4      | Bought a scroll of identify for 26 gold pieces
  3569 | D:4      | Bought a scroll of identify for 26 gold pieces
  3569 | D:4      | Bought a scroll of identify for 26 gold pieces
  3707 | D:4      | Reached skill level 7 in Short Blades
  4245 | D:4      | Acquired Okawaru's first power
  4490 | D:5      | Entered Level 5 of the Dungeon
  4547 | D:5      | Found a shadowy altar of Dithmenos.
  4555 | D:5      | Gained mutation: You have a pair of small horns on your head. [demonic ancestry]
  4555 | D:5      | Reached XP level 8. HP: 19/56 MP: 11/11
  4732 | D:5      | Found a white marble altar of Elyvilon.
  4733 | D:5      | Found a shimmering altar of Xom.
  4733 | D:5      | Found a bloodstained altar of Trog.
  4735 | D:5      | Found a radiant altar of Vehumet.
  4825 | D:5      | Reached skill level 8 in Short Blades
  5010 | D:5      | Noticed Duvessa
  5010 | D:5      | Noticed Dowan
  5023 | D:5      | Killed Dowan
  5062 | D:5      | Killed Duvessa
  5097 | D:5      | Noticed Menkaure
  5385 | D:5      | Reached skill level 9 in Short Blades
  5435 | D:5      | Killed Menkaure
  5469 | D:5      | Got a pitted spear
  5470 | D:5      | Identified the +7 spear of Evil {flame, *Noise Str+3 Dex+4} (You found it on level 5 of the Dungeon)
  6231 | D:6      | Reached skill level 10 in Short Blades
  6424 | D:6      | Gained mutation: You have a pair of horns on your head. [demonic ancestry]
  6424 | D:6      | Reached XP level 9. HP: 59/61 MP: 12/12
  6505 | D:6      | Noticed Blork the orc
  6534 | D:6      | Killed Blork the orc
  6713 | D:7      | Reached skill level 1 in Evocations
  6966 | D:7      | Killed an unseen horror
  6966 | D:7      | Reached skill level 11 in Short Blades
  7304 | D:7      | Reached skill level 12 in Short Blades
  7310 | D:7      | Gained mutation: Your flesh is cold resistant. [mutagenic meat]
  7473 | D:8      | Reached skill level 1 in Invocations
  7501 | D:8      | Gained mutation: You are immune to rotting. [demonic ancestry]
  7501 | D:8      | Reached XP level 10. HP: 54/67 MP: 13/13
  7697 | D:8      | Found Coedd's Antique Weapon Shoppe.
  7775 | D:8      | Found a snail-covered altar of Cheibriados.
  7832 | D:8      | Received a gift from Okawaru
  8313 | D:8      | Reached skill level 13 in Short Blades
  8429 | D:8      | Got a fine plate armour
  8440 | D:8      | Identified the cursed +0 plate armour of the Invisible Hand {rF+} (You found it on level 8 of the Dungeon)
  8846 | D:9      | Found a sparkling altar of Nemelex Xobeh.
  9092 | D:9      | Gained mutation: Potions and wands are less effective at restoring your health. [mutagenic meat]
  9093 | D:9      | Gained mutation: You are frail (-10% HP). [mutagenic meat]
  9094 | D:9      | Gained mutation: Your flesh is very cold resistant. [mutagenic meat]
  9095 | D:9      | Gained mutation: Your spells are a little easier to cast, but a little less powerful. [mutagenic meat]
  9096 | D:9      | Lost mutation: Potions and wands are less effective at restoring your health. [mutagenic meat]
  9097 | D:9      | Lost mutation: Your flesh is very cold resistant. [potion of cure mutation]
  9097 | D:9      | Lost mutation: You are frail (-10% HP). [potion of cure mutation]
  9097 | D:9      | Lost mutation: Your spells are a little easier to cast, but a little less powerful. [potion of cure mutation]
  9097 | D:9      | Lost mutation: Your flesh is cold resistant. [potion of cure mutation]
  9474 | D:9      | Gained mutation: You are somewhat resistant to further mutation. [potion of mutation]
  9486 | D:9      | Found an opulent altar of Gozag.
  9705 | D:9      | Found a staircase to the Orcish Mines.
  9969 | D:8      | Bought a fine rapier for 252 gold pieces
  9969 | D:8      | Identified the +10 rapier "Icven" {elec, rN+} (You bought it in a shop on level 8 of the Dungeon)
 10193 | D:10     | Entered Level 10 of the Dungeon
 10221 | D:10     | Got a distressingly furry ring mail
 10232 | D:10     | Identified the +4 ring mail of Makhleb's Delight {Slay+5} (You found it on level 10 of the Dungeon)
 10238 | D:10     | Noticed a manticore
 10245 | D:10     | Killed a manticore
 10710 | D:10     | Acquired Okawaru's second power
 10890 | D:10     | Gained mutation: You are mostly covered in large bone plates (AC +3, SH +3). [demonic ancestry]
 10890 | D:10     | Reached XP level 11. HP: 70/75 MP: 14/14
 11124 | D:11     | Reached skill level 5 in Armour
 11269 | D:11     | Received a gift from Okawaru
 11269 | D:11     | Reached skill level 5 in Dodging
 11272 | D:11     | Got a dazzling dire flail {god gift}
 11839 | D:11     | Reached skill level 5 in Fighting
 12034 | D:11     | Received a gift from Okawaru
 12755 | D:11     | Found a staircase to the Lair.
 12835 | Lair:1   | Entered Level 1 of the Lair of Beasts
 13742 | Lair:2   | Learned a level 2 spell: Repel Missiles
 13762 | Lair:2   | Reached XP level 12. HP: 77/89 MP: 15/15
 15020 | Lair:3   | Noticed a seven-headed hydra
 15036 | Lair:3   | Killed a seven-headed hydra
 15036 | Lair:3   | Reached skill level 1 in Shields
 15905 | Lair:4   | Found a hole to the Spider Nest.
 16183 | Lair:5   | Received a gift from Okawaru
 16187 | Lair:5   | Got a pair of transparent gloves {god gift}
 16198 | Lair:5   | Identified the +0 pair of gloves "Vaeqax" {rC- Int-5 Slay+2 SInv} (Okawaru gifted it to you on level 5 of the Lair of Beasts)
 16511 | Lair:5   | Noticed Josephine
 16517 | Lair:5   | Killed Josephine
 16548 | Lair:5   | You fall through a shaft!
 17039 | Lair:5   | Found a staircase to the Shoals.
 17307 | Lair:6   | Reached XP level 13. HP: 98/98 MP: 16/16
 17920 | Lair:7   | Reached skill level 5 in Shields
 18024 | Lair:7   | Reached skill level 10 in Dodging
 18074 | Lair:7   | Received a gift from Okawaru
 18103 | Lair:7   | Received a gift from Okawaru
 18778 | Lair:8   | Entered Level 8 of the Lair of Beasts
 19159 | Lair:8   | Found a staircase to the Slime Pits.
 19160 | Lair:8   | Found a viscous altar of Jiyva.
 19400 | Lair:8   | Received a gift from Okawaru
 19480 | Lair:8   | Noticed a dire elephant
 19497 | Lair:8   | Killed a dire elephant
 19530 | Lair:8   | Found a burning altar of Makhleb.
 19558 | Lair:8   | Gained mutation: Your magical and physical power is slightly enhanced at high health. [demonic ancestry]
 19558 | Lair:8   | Reached XP level 14. HP: 108/108 MP: 17/17
 19589 | Lair:8   | Found a gateway to Hell.
 19603 | Lair:8   | Identified a +1 rod of ignition (9/9) (You found it on level 8 of the Lair of Beasts)
 20353 | Orc:1    | Entered Level 1 of the Orcish Mines
 20804 | Orc:2    | Noticed an orc warlord
 20833 | Orc:1    | Killed an orc warlord
 21740 | Orc:4    | Entered Level 4 of the Orcish Mines
 21740 | Orc:4    | Noticed Snorg
 21748 | Orc:3    | Killed Snorg
 21770 | Orc:4    | Found a frozen archway.
 21976 | Orc:4    | Was placed under penance by Okawaru
 22336 | IceCv    | Entered an ice cave
 22412 | IceCv    | Identified a scroll of acquirement
 22413 | IceCv    | Got a fine cloak
 22436 | IceCv    | Identified the +1 cloak of the Eight Boll Weevils {rF+} (You acquired it in an ice cave)
 22853 | IceCv    | Reached skill level 10 in Shields
 22933 | IceCv    | Was forgiven by Okawaru
 23075 | Orc:4    | Reached skill level 10 in Fighting
 23089 | Orc:4    | Found a roughly hewn altar of Beogh.
 23303 | Orc:4    | Found Poecazug's Antique Weapon Boutique.
 23314 | Orc:4    | Found a staircase to the Elven Halls.
 23562 | Orc:4    | Noticed an orc warlord
 23816 | Orc:4    | Killed an orc warlord
 23920 | Orc:4    | Found Hickakyna's Antique Armour Emporium.
 23921 | Orc:4    | Found Poyxea's Antique Weapon Shoppe.
 23922 | Orc:4    | Found Viosu's General Store.
 23922 | Orc:4    | Found Ehoy's Jewellery Emporium.
 23926 | Orc:4    | Bought a scroll of enchant weapon for 82 gold pieces
 23928 | Orc:4    | Bought an uncursed amulet of regeneration for 420 gold pieces
 23928 | Orc:4    | Bought an uncursed ring of see invisible for 210 gold pieces
 23937 | Orc:4    | Bought the +2 pair of boots of the Assassin {DetectMon Stab+ Stlth++} for 704 gold pieces
 23952 | Orc:4    | Bought a runed cloak for 117 gold pieces
 23952 | Orc:4    | Bought an embroidered cloak for 117 gold pieces
 25025 | Orc:2    | Found Doquamoh's Antique Armour Shop.
 25026 | Orc:2    | Found a roughly hewn altar of Beogh.
 25048 | Orc:2    | Bought a dazzling cloak for 256 gold pieces
 25058 | Orc:2    | Identified the +1 cloak "Sopsagg" {rF+ Dex+2} (You bought it in a shop on level 2 of the Orcish Mines)
 25344 | D:12     | Gained mutation: A demonic guardian rushes to your aid. [demonic ancestry]
 25344 | D:12     | Reached XP level 15. HP: 117/117 MP: 18/18
 25370 | D:12     | Received a gift from Okawaru
 26505 | D:14     | Found a gate to the Vaults.
 26505 | D:14     | Noticed Norris
 26538 | D:13     | Killed Norris
 26624 | D:14     | Received a gift from Okawaru
 27363 | D:15     | Entered Level 15 of the Dungeon
 27365 | D:15     | Found a basalt altar of Yredelemnul.
 27398 | D:15     | Found a labyrinth entrance.
 27407 | Lab      | Entered a labyrinth
 27564 | Lab      | Got a bound steel amulet
 27564 | Lab      | Identified Kimotzil's Guide on Floating Augmentations
 27593 | Lab      | Identified the amulet of Hystrexuf {Gourm Int+2} (You found it in a labyrinth)
 28178 | D:15     | Received a gift from Okawaru
 28197 | D:15     | Found a staircase to the Depths.
 28833 | D:11     | Reached XP level 16. HP: 125/125 MP: 19/19
 29034 | Shoals:1 | Entered Level 1 of the Shoals
 29368 | Shoals:2 | Found Cifog's Armour Shoppe.
 29508 | Shoals:4 | Entered Level 4 of the Shoals
 29797 | Shoals:4 | Received a gift from Okawaru
 29808 | Shoals:4 | Cast into the Abyss (merfolk impaler)
 29808 | Abyss:1  | Found a corrupted altar of Lugonu.
 29950 | Abyss:1  | Noticed a tentacled starspawn
 29956 | Abyss:1  | Killed a tentacled starspawn
 29956 | Abyss:1  | Reached skill level 14 in Shields
 30451 | Abyss:1  | Noticed a tentacled starspawn
 30456 | Abyss:1  | Noticed a tentacled starspawn
 30472 | Abyss:1  | Noticed a tentacled starspawn
 30528 | Abyss:1  | Noticed a tentacled starspawn
 30536 | Abyss:1  | Killed a tentacled starspawn
 30567 | Shoals:4 | Escaped the Abyss
 30575 | Shoals:4 | Noticed asdu's ghost (mighty CeBe)
 30590 | Shoals:4 | Got a barnacled rune of Zot
 30607 | Shoals:4 | Killed asdu's ghost
 30797 | Shoals:4 | Learned a level 6 spell: Deflect Missiles
 30837 | Shoals:4 | Reached skill level 1 in Air Magic
 30842 | Shoals:4 | Reached skill level 15 in Shields
 31011 | Shoals:4 | Identified the Catalogue of Supportive Execration
 31046 | Shoals:4 | Noticed Ilsuiw
 31052 | Shoals:4 | Received a gift from Okawaru
 31053 | Shoals:4 | Got a crude mace {god gift}
 31317 | Shoals:3 | Learned a level 2 spell: Swiftness
 31859 | Spider:1 | Entered Level 1 of the Spider Nest
 31881 | Spider:1 | Gained mutation: You are completely covered in large bone plates (AC +4, SH +4). [demonic ancestry]
 31881 | Spider:1 | Reached XP level 17. HP: 133/133 MP: 21/21
 32271 | Spider:1 | Received a gift from Okawaru
 34717 | Spider:4 | Entered Level 4 of the Spider Nest
 34718 | Spider:4 | Upgraded the game from 0.17-a0-1636-g3119f2b to 0.17-a0-1637-g5d65775
 34851 | Spider:4 | Received a gift from Okawaru
 34891 | Spider:4 | Reached skill level 5 in Charms
 34999 | Spider:4 | Got a gossamer rune of Zot
 35523 | D:11     | Noticed an unseen horror
 35530 | D:11     | Killed an unseen horror
 35710 | Depths:1 | Entered Level 1 of the Depths
 35710 | Depths:1 | Found a gateway to a ziggurat.
 35847 | Depths:1 | Noticed a caustic shrike
 35859 | Depths:1 | Killed a caustic shrike
 35948 | Depths:1 | Reached XP level 18. HP: 92/142 MP: 25/25
 36015 | Depths:1 | Reached skill level 15 in Dodging
 36017 | Depths:1 | Reached skill level 5 in Spellcasting
 36058 | Depths:1 | Found a magical portal.
 36067 | WizLab   | Entered The Chambers of Yleumn the Cloud Mage
 36145 | WizLab   | Reached skill level 5 in Air Magic
 36540 | WizLab   | Identified the Reference Book on Feathers and Confrontation (You found it in a wizard's laboratory)
 36544 | WizLab   | Identified the Papyrus of Air and Attacks (You found it in a wizard's laboratory)
 36831 | Depths:1 | Found a runed door.
 36839 | Depths:1 | Received a gift from Okawaru
 36840 | Depths:1 | Noticed a golden dragon
 36913 | Depths:1 | Killed a golden dragon
 37116 | Depths:1 | Noticed Wiglaf
 37142 | Depths:1 | Killed Wiglaf
 37193 | Depths:1 | Noticed a golden dragon
 37220 | Depths:1 | Killed a golden dragon
 37832 | Depths:2 | Received a gift from Okawaru
 38386 | Depths:2 | Received a gift from Okawaru
 38386 | Depths:2 | Reached skill level 10 in Armour
 38390 | Depths:2 | Reached skill level 16 in Dodging
 38622 | Depths:2 | Found an opulent altar of Gozag.
 38635 | Depths:2 | Gained mutation: A powerful demonic guardian rushes to your aid. [demonic ancestry]
 38635 | Depths:2 | Reached XP level 19. HP: 149/151 MP: 28/28
 38725 | Depths:2 | Found a one-way gate to the infinite horrors of the Abyss.
 39306 | Depths:3 | Found a one-way gate leading to the halls of Pandemonium.
 39331 | Depths:3 | Noticed Boris
 39350 | Depths:3 | Killed Boris
 39577 | Depths:3 | Noticed Frederick
 39579 | Depths:3 | Gained mutation: You are frail (-10% HP). [the power of Zot]
 39979 | Depths:3 | Received a gift from Okawaru
 39992 | Depths:3 | Got a dazzling plate armour {god gift}
 40009 | Depths:3 | Identified the +1 plate armour of Waehy {*Confuse rPois Dex+4} (Okawaru gifted it to you on level 3 of the Depths)
 40165 | Depths:3 | Killed Frederick
 40486 | Depths:3 | Got a faintly humming ring mail
 40496 | Depths:3 | Identified the +0 ring mail "Impakk" {rN+ MP+9 Str+7 Slay-4} (You took it off a tengu warrior on level 3 of the Depths)
 40780 | Depths:3 | Noticed Nikola
 40794 | Depths:3 | Killed Nikola
 41009 | Hell     | Entered the Vestibule of Hell
 41009 | Hell     | Noticed Geryon
 41573 | Elf:1    | Entered Level 1 of the Elven Halls
 41634 | Elf:1    | Found Bihitu Taxaj's Magic Scroll Boutique.
 41642 | Elf:1    | Bought a scroll of immolation for 59 gold pieces
 41642 | Elf:1    | Bought a scroll of identify for 34 gold pieces
 41642 | Elf:1    | Bought a scroll of identify for 34 gold pieces
 41642 | Elf:1    | Bought a scroll of magic mapping for 59 gold pieces
 41642 | Elf:1    | Bought a scroll of recharging for 161 gold pieces
 41642 | Elf:1    | Bought a scroll of identify for 34 gold pieces
 41642 | Elf:1    | Bought a scroll of teleportation for 51 gold pieces
 41642 | Elf:1    | Bought a scroll of identify for 34 gold pieces
 41642 | Elf:1    | Bought a scroll of magic mapping for 59 gold pieces
 41642 | Elf:1    | Bought a scroll of teleportation for 51 gold pieces
 42001 | Elf:1    | Identified Dusa's Tome of the Entourage
 42271 | Elf:1    | Gained mutation: Your magical and physical power is enhanced at high health. [demonic ancestry]
 42271 | Elf:1    | Reached XP level 20. HP: 124/144 MP: 31/31
 42328 | Elf:2    | Received a gift from Okawaru
 42494 | Elf:2    | Found Attie's Distillery.
 42506 | Elf:2    | Bought a potion of agility for 48 gold pieces
 42506 | Elf:2    | Bought a potion of heal wounds for 60 gold pieces
 42506 | Elf:2    | Bought a potion of heal wounds for 60 gold pieces
 42506 | Elf:2    | Bought a potion of haste for 120 gold pieces
 42506 | Elf:2    | Bought a potion of curing for 36 gold pieces
 42506 | Elf:2    | Bought a potion of heal wounds for 60 gold pieces
 42506 | Elf:2    | Bought a potion of heal wounds for 60 gold pieces
 42506 | Elf:2    | Bought a potion of cancellation for 96 gold pieces
 42545 | Elf:2    | Found Noniyzo's One-of-a-Kind Books.
 42624 | Elf:2    | Found a huge runed gate.
 42624 | Elf:2    | Found a huge runed gate.
 42624 | Elf:2    | Found a huge runed gate.
 42624 | Elf:2    | Found a huge runed gate.
 42627 | Elf:2    | Found a huge runed gate.
 42944 | Elf:3    | Entered Level 3 of the Elven Halls
 43205 | Elf:3    | Reached skill level 15 in Fighting
 43339 | Elf:3    | Received a gift from Okawaru
 43663 | Elf:3    | Got a pair of transparent gloves
 43674 | Elf:3    | Identified the +0 pair of gloves of Xilal {Regen+ Int+3} (You found it on level 3 of the Elven Halls)
 43739 | Elf:3    | Received a gift from Okawaru
 43763 | Elf:3    | Identified Qunophiq's Compendium of Mutagenic Clay
 43778 | Elf:3    | Got an encrusted fire dragon armour
 43779 | Elf:3    | Identified the cursed +0 fire dragon armour of Zyinuonn {rElec rF++ rC- MR+ Str+3 Dex-4} (You found it on level 3 of the Elven Halls)
 43856 | Elf:3    | Got a brightly glowing bronze ring
 43858 | Elf:3    | Identified the ring of Uxzior {*Corrode +Fly rF++ rC+ rN+} (You took it off a deep elf demonologist on level 3 of the Elven Halls)
 44124 | Elf:3    | Found Pegiuge's Magic Scroll Boutique.
 44129 | Elf:3    | Bought a scroll of identify for 32 gold pieces
 44129 | Elf:3    | Bought a scroll of identify for 32 gold pieces
 44129 | Elf:3    | Bought a scroll of teleportation for 48 gold pieces
 44129 | Elf:3    | Bought a scroll of magic mapping for 56 gold pieces
 44869 | Vaults:1 | Entered Level 1 of the Vaults
 45026 | Vaults:1 | Lost mutation: You are frail (-10% HP). [mutagenic meat]
 45216 | Vaults:1 | Got a pair of fine gloves
 45227 | Vaults:1 | Identified the +0 pair of gloves of Complete Protection {rPois MR+ rCorr} (You found it on level 1 of the Vaults)
 45281 | Vaults:1 | Found Qaiseoh's Weapon Boutique.
 45513 | Vaults:1 | Identified Sif Muna's Compendium of the Gliding Escort
 45566 | Vaults:1 | Received a gift from Okawaru
 45569 | Vaults:1 | Got a scorched ring mail {god gift}
 45570 | Vaults:1 | Identified the +0 ring mail of Midnight {+Blink rPois rC+ rCorr} (Okawaru gifted it to you on level 1 of the Vaults)
 45843 | Vaults:1 | Reached XP level 21. HP: 171/171 MP: 32/32
 46965 | Vaults:2 | Found Uzoybb's Gadget Shoppe.
 47531 | Vaults:3 | Received a gift from Okawaru
 47569 | Vaults:3 | Found a staircase to the Crypt.
 47569 | Vaults:3 | Found a basalt altar of Yredelemnul.
 47570 | Vaults:3 | Found an ancient bone altar of Kikubaaqudgha.
 47898 | Vaults:3 | Got a fine rapier
 47899 | Vaults:3 | Identified the +7 rapier of Watchfulness {freeze, *Rage Str+4 Int+4} (You took it off an orc on level 3 of the Vaults)
 48380 | Vaults:3 | Reached skill level 10 in Air Magic
 48515 | Vaults:3 | Reached skill level 17 in Fighting
 48543 | Vaults:3 | Found Rufaosme's Armour Emporium.
 49109 | Orc:4    | Bought a slimy great sword for 310 gold pieces
 49114 | Orc:4    | Identified the +8 great sword of the Iron City of Dis {antimagic, Int+6} (You bought it in a shop on level 4 of the Orcish Mines)
 49906 | Depths:4 | Noticed Xtahua
 49926 | Depths:4 | Killed Xtahua
 50323 | Depths:4 | Noticed Jorgrun
 50357 | Depths:4 | Received a gift from Okawaru
 50397 | Depths:4 | Got a bloodstained short sword {god gift}
 50398 | Depths:4 | Identified the +4 short sword of the Lettuce {pain, rF+ Dex+5} (Okawaru gifted it to you on level 4 of the Depths)
 50437 | Depths:4 | Reached XP level 22. HP: 161/182 MP: 34/34
 50531 | Depths:4 | Reached skill level 15 in Armour
 50746 | Depths:4 | Found a runed door.
 51178 | Depths:4 | Received a gift from Okawaru
 51181 | Depths:4 | Got a transparent rapier {god gift}
 51182 | Depths:4 | Identified the +6 rapier "Goblin's Bane" {drain, Int+2} (Okawaru gifted it to you on level 4 of the Depths)
 51313 | Depths:4 | Noticed an ancient lich
 51340 | Depths:4 | Killed an ancient lich
 51610 | Depths:4 | Reached skill level 18 in Fighting
 51745 | Depths:4 | Got a crude cloak
 51756 | Depths:4 | Identified the +1 cloak of Fun {rElec} (You found it on level 4 of the Depths)
 51768 | Depths:4 | Identified Duim's Guide on Clay
 51914 | Depths:4 | Received a gift from Okawaru
 52025 | Depths:4 | Killed Jorgrun
 53187 | Vaults:4 | Was placed under penance by Okawaru
 53230 | Vaults:4 | Was forgiven by Okawaru
 53374 | Vaults:4 | Found Paptizam's Book Shop.
 53920 | Vaults:4 | Gained mutation: You may emit foul miasma when damaged in melee. [demonic ancestry]
 53920 | Vaults:4 | Reached XP level 23. HP: 192/192 MP: 35/35
 54050 | Vaults:4 | Learned a level 5 spell: Silence
 54056 | Vaults:4 | Learned a level 5 spell: Phase Shift
 54092 | Vaults:4 | Received a gift from Okawaru
 54496 | Vaults:4 | Reached skill level 1 in Translocations
 54620 | Vaults:5 | Entered Level 5 of the Vaults
 54620 | Vaults:5 | Noticed an ancient lich
 54626 | Vaults:5 | Was placed under penance by Okawaru
 54626 | Vaults:5 | Reached skill level 19 in Fighting
 54680 | Vaults:5 | Was forgiven by Okawaru
 54789 | Vaults:5 | Learned a level 3 spell: Regeneration
 54808 | Vaults:5 | Received a gift from Okawaru
 55015 | Vaults:5 | Noticed cmdexe's ghost (great HOFi)
 55055 | Vaults:5 | Killed an ancient lich
 55140 | Vaults:5 | HP: 6/196 [cmdexe's ghost (19)]
 55270 | Vaults:5 | Killed cmdexe's ghost
 55588 | Vaults:5 | Reached skill level 20 in Fighting
 55657 | Vaults:5 | Reached skill level 1 in Necromancy
 55851 | Vaults:5 | Got a jewelled rapier
 55852 | Vaults:5 | Identified the +7 rapier "Duahir" {holy, +Blink rPois SInv} (You took it off a vault warden on level 5 of the Vaults)
 55887 | Vaults:5 | Found Miejin's Magic Scroll Boutique.
 55896 | Vaults:5 | Bought a scroll of identify for 28 gold pieces
 55896 | Vaults:5 | Bought a scroll of teleportation for 42 gold pieces
 55896 | Vaults:5 | Bought a scroll of enchant weapon for 105 gold pieces
 55896 | Vaults:5 | Bought a scroll of teleportation for 42 gold pieces
 55896 | Vaults:5 | Bought a scroll of identify for 28 gold pieces
 55896 | Vaults:5 | Bought a scroll of identify for 28 gold pieces
 56089 | Vaults:5 | Received a gift from Okawaru
 56089 | Vaults:5 | Gained mutation: You have a pair of large horns on your head. [demonic ancestry]
 56089 | Vaults:5 | Reached XP level 24. HP: 137/204 MP: 35/35
 56124 | Vaults:5 | Noticed an ancient lich
 56139 | Vaults:5 | Killed an ancient lich
 56171 | Vaults:5 | Got a silver rune of Zot
 56179 | Vaults:5 | Got a faintly glowing scale mail
 56180 | Vaults:5 | Identified the +6 scale mail of Weightlessness {rElec rF++ MR+} (You found it on level 5 of the Vaults)
 56365 | Vaults:5 | Identified the Collected Works on the Evil Entourage (You found it on level 5 of the Vaults)
 56835 | Vaults:5 | Upgraded the game from 0.17-a0-1637-g5d65775 to 0.17-a0-1642-gd4b747b
 56885 | Vaults:5 | Learned a level 4 spell: Summon Lightning Spire
 57403 | Depths:5 | Entered Level 5 of the Depths
 57407 | Depths:5 | Noticed Sojobo
 57417 | Depths:5 | Received a gift from Okawaru
 57425 | Depths:5 | Killed Sojobo
 57507 | Depths:5 | Found Tieseq's Jewellery Boutique.
 57516 | Depths:5 | Bought an uncursed ring of wizardry for 510 gold pieces
 57715 | Depths:5 | Reached skill level 1 in Summonings
 57749 | Depths:5 | Reached skill level 21 in Fighting
 57874 | Depths:5 | Received a gift from Okawaru
 57880 | Depths:5 | Got a pair of steaming boots {god gift}
 57889 | Depths:5 | Noticed Margery
 57891 | Depths:5 | Identified the +2 pair of boots of Hopscotch {SInv} (Okawaru gifted it to you on level 5 of the Depths)
 57904 | Depths:5 | Killed Margery
 57980 | Depths:5 | Found Sooruhum's General Store.
 57992 | Depths:5 | Bought a scroll of immolation for 77 gold pieces
 57992 | Depths:5 | Bought a scroll of recharging for 209 gold pieces
 57992 | Depths:5 | Bought a potion of haste for 220 gold pieces
 57992 | Depths:5 | Bought a scroll of identify for 44 gold pieces
 57992 | Depths:5 | Bought 2 scrolls of immolation for 154 gold pieces
 57992 | Depths:5 | Bought a potion of cure mutation for 770 gold pieces
 57996 | Depths:5 | Found Xuzubena's Assorted Antiques.
 58066 | Depths:5 | Bought a potion of curing for 105 gold pieces
 58150 | Depths:5 | Found a gate to the Realm of Zot.
 58280 | Depths:5 | Found Tefisot's Distillery.
 58283 | Depths:5 | Bought a potion of heal wounds for 115 gold pieces
 58283 | Depths:5 | Bought a potion of heal wounds for 115 gold pieces
 58283 | Depths:5 | Bought a potion of curing for 69 gold pieces
 58283 | Depths:5 | Bought a potion of haste for 230 gold pieces
 59315 | Slime:1  | Entered Level 1 of the Pits of Slime
 59551 | Slime:2  | Gained mutation: You frequently emit foul miasma when damaged in melee. [demonic ancestry]
 59551 | Slime:2  | Reached XP level 25. HP: 201/216 MP: 36/36
 59585 | Slime:3  | Gained mutation: Scrolls take you a little longer to read. [a shining eye]
 59755 | Slime:6  | Entered Level 6 of the Pits of Slime
 59782 | Slime:6  | Received a gift from Okawaru
 59822 | Slime:6  | Found a viscous altar of Jiyva.
 59826 | Slime:6  | Noticed the royal jelly
 59849 | Slime:6  | Killed the royal jelly
 59849 | Slime:6  | Reached skill level 22 in Fighting
 59860 | Slime:6  | Reached skill level 15 in Air Magic
 59914 | Slime:6  | Got a slimy rune of Zot
 59987 | Slime:6  | Got a jewelled ring mail
 59990 | Slime:6  | Identified the +4 ring mail of Noon {+Inv Str-5 Int+3} (You found it on level 6 of the Pits of Slime)
 60727 | Depths:2 | Voluntarily entered the Abyss.
 60778 | Abyss:2  | Found a corrupted altar of Lugonu.
 60952 | Abyss:2  | Found a basalt altar of Yredelemnul.
 61569 | Abyss:3  | Got an abyssal rune of Zot
 61587 | Depths:2 | Escaped the Abyss
 62028 | Vaults:3 | Fell from the grace of Okawaru
 62028 | Vaults:3 | Became a worshipper of Kikubaaqudgha
 62032 | Crypt:1  | Entered Level 1 of the Crypt
 64842 | Crypt:2  | Reached skill level 23 in Fighting
 65474 | Crypt:3  | Entered Level 3 of the Crypt
 66282 | Crypt:3  | Found a staircase to the Tomb.
 66727 | Crypt:3  | Reached XP level 26. HP: 182/228 MP: 36/36
 67126 | Crypt:3  | Reached skill level 10 in Spellcasting
 67126 | Crypt:3  | Reached skill level 10 in Charms
 67135 | Crypt:3  | Got a warped lead ring
 67149 | Crypt:3  | Identified the ring "Zeokh" {SustAt Dex+3 Slay+2} (You found it on level 3 of the Crypt)
 67151 | Crypt:3  | Got a fine jade amulet
 67154 | Crypt:3  | Identified the amulet "Pymip" {Spirit *Corrode rC+ MP+9} (You found it on level 3 of the Crypt)
 67351 | Crypt:3  | Found a basalt altar of Yredelemnul.
 67605 | Crypt:3  | Noticed Boris
 67626 | Crypt:3  | Killed Boris
 67762 | Crypt:3  | Got a vibrating bronze ring
 67766 | Crypt:3  | Identified the ring "Asyteg Maam" {Str+4 Dex+3} (You found it on level 3 of the Crypt)
 68228 | Crypt:3  | Identified Kikubaaqudgha's Collected Works on Lucky Sinister Rituals
 68809 | Zot:1    | Entered Level 1 of the Realm of Zot
 69025 | Zot:1    | Reached skill level 5 in Evocations
 69074 | Zot:1    | Reached skill level 5 in Necromancy
 69227 | Zot:1    | Acquired Kikubaaqudgha's first power
 69227 | Zot:1    | Received a gift from Kikubaaqudgha
 69238 | Zot:1    | Identified Kikubaaqudgha's Grimoire of Evil Magic (Kikubaaqudgha gifted it to you on level 1 of the Realm of Zot)
 69245 | Zot:1    | Learned a level 4 spell: Control Undead
 70306 | Zot:2    | Was forgiven by Okawaru
 71136 | Zot:2    | Noticed an orb of fire
 71345 | Zot:2    | Acquired Kikubaaqudgha's second power
 71357 | Zot:2    | Killed an orb of fire
 71479 | Zot:2    | Gained mutation: Your magical and physical power is greatly enhanced at high health. [demonic ancestry]
 71479 | Zot:2    | Reached XP level 27. HP: 235/235 MP: 23/39
 72658 | Zot:4    | Received a gift from Kikubaaqudgha
 72661 | Zot:4    | Identified Kikubaaqudgha's Grimoire of Darkness (Kikubaaqudgha gifted it to you on level 4 of the Realm of Zot)
 72668 | Zot:4    | Learned a level 5 spell: Dispel Undead
 72690 | Zot:4    | Learned a level 4 spell: Animate Dead
 72871 | Zot:4    | Learned a level 7 spell: Controlled Blink
 73465 | Zot:5    | Entered Level 5 of the Realm of Zot
 74179 | Elf:1    | Learned a level 9 spell: Tornado
 74190 | Elf:1    | Learned a level 8 spell: Necromutation
 74630 | Pan      | Entered Pandemonium
 74699 | Pan      | Acquired Kikubaaqudgha's third power
 75049 | Pan      | Reached skill level 10 in Necromancy
 75097 | Pan      | Noticed Quiholek the pandemonium lord
 75252 | Pan      | Killed Quiholek the pandemonium lord
 75612 | Pan      | Reached skill level 15 in Spellcasting
 75684 | Pan      | Acquired Kikubaaqudgha's fourth power
 75757 | Pan      | Noticed Guew the pandemonium lord
 75763 | Pan      | Killed Guew the pandemonium lord
 75980 | Pan      | Noticed Rirphinis the pandemonium lord
 76036 | Pan      | Killed Rirphinis the pandemonium lord
 76330 | Pan      | Noticed Jymuvueh the pandemonium lord
 76366 | Pan      | Killed Jymuvueh the pandemonium lord
 76404 | Pan      | Noticed Wun Noif the pandemonium lord
 76442 | Pan      | Killed Wun Noif the pandemonium lord
 76519 | Pan      | Entered the realm of Gloorx Vloq.
 76650 | Pan      | Found an ancient bone altar of Kikubaaqudgha.
 76924 | Pan      | Got a fine cloak
 76927 | Pan      | Identified the +1 cloak of Xoojet {-Tele rF++ Str+3 Dex-4} (You acquired it in Pandemonium)
 77201 | Pan      | Found an exit through the horrors of the Abyss.
 77470 | Pan      | Noticed Gloorx Vloq
 77477 | Pan      | Got a dark rune of Zot
 77487 | Pan      | Killed Gloorx Vloq
 77605 | Pan      | Entered the realm of Lom Lobon.
 77605 | Pan      | Found an exit through the horrors of the Abyss.
 77929 | Pan      | Reached skill level 1 in Long Blades
 78118 | Pan      | Got a shimmering ring mail
 78121 | Pan      | Identified the cursed +1 ring mail "Imin" {rElec} (You found it in Pandemonium)
 78281 | Pan      | Noticed Lom Lobon
 78326 | Pan      | HP: 11/235 [Lom Lobon] (1)]
 78336 | Pan      | Gained mutation: You expend magic power (3 MP) to strengthen your wands. [mutagenic glow]
 78347 | Pan      | HP: 11/235 [green death/poison arrow (9)]
 78623 | Pan      | Killed from afar by Lom Lobon

Vault maps used:
D:1:      dpeg_arrival_refuge, hangedman_abyss_or_decor_lesser_grid
D:2:      first_bread, uniq_jessica
D:3:      solitary_fountain, uniq_terence, uniq_sigmund, uniq_crazy_yiuf_cottage
D:4:      minmay_temple_entry_mist, corexii_corridor_pit,
          small_statue_intersection, kennysheep_windowed_goal
D:5:      minitemple, kennysheep_nondescript, item_on_display_a, uniq_duvessa,
          uniq_menkaure
D:6:      uniq_blork_the_orc
D:7:      grunt_tough_drop
D:8:      slow_altar_1, serial_shops, nicolae_shop_trees, grunt_livestock
D:9:      lemuel_crystal_altar, kennysheep_mini_moat, erik_orc_2,
          lemuel_old_faithful
D:11:     grunt_lair_entry_elf_guard_hut
D:14:     david_vaults_3, corexii_leaking_fountain
D:15:     grunt_enter_depths_magical_seal, lab_entry_generic,
          yredelemnul_altar_generic
Temple:   triangle_lava_temple_11
Lair:1:   serial_bayou_lake_a, lemuel_fruit_tree
Lair:2:   infiniplex_staircase_pool, serial_bayou_shore_a
Lair:3:   patterned_corridor
Lair:4:   dummy_spider_entry
Lair:5:   elwin_shoals_entry_rooms, hangedman_lair_unloving_vines,
          grunt_forest_large_clearings, uniq_josephine
Lair:6:   minmay_lair_oklob_tunnel, beast_lair_carwin_11, grunt_megastairs_1,
          serial_bayou_shore_b
Lair:7:   nicolae_quartered_pool_little
Lair:8:   evil_forest, slime_altar_1, st_stairs_8, serial_bayou_pond_a
Shoals:2: serial_shops, nicolae_shop_waterfront
Shoals:4: shoals_end_simple, shoal_ilsuiw
Spider:2: spider_trap, nicolae_spider_nook
Spider:4: grunt_spider_rune_circles, minmay_another_anthill, uniq_kirke
Slime:4:  uniq_dissolution
Orc:1:    nicolae_orc_tapped_out
Orc:2:    serial_shops, nicolae_shop_trees, mines2_david
Orc:3:    nicolae_orc_pool_cavern, mines4_lemuel
Orc:4:    st_orc_congregation, basic_altar, serial_shops,
          nicolae_shop_overgrown_old_shop, portal_ice_cave_entry_imps,
          nicolae_orc_lava_tube, uniq_snorg
Elf:1:    minmay_elf_arrival_plus, serial_shops, shop, minmay_elf_demonology,
          grunt_ministairs_3
Elf:2:    serial_shops, nicolae_shop_crystal, nicolae_rare_books
Elf:3:    minmay_elf_hall_hex, serial_shops, nicolae_shop_crystal,
          nicolae_elf_m_pinch, david_greed
Vaults:1: vaults_room_door_ring, v_alt_pattern_1, dpeg_vaults_waves,
          grunt_vaults_hallway_long, hangedman_vaults_maws,
          ontoclasm_vaults_eye, vaults_room_fours, v_misc_18,
          nicolae_vaults_mini_display_case, vaults_room_door_hall,
          vaults_dpeg_spiral, v_misc_24, nicolae_vaults_theta,
          grunt_vaults_hallway_short, serial_shops, shop
Vaults:2: vaults_room_glass_cross, v_misc_28, vaults_room_hallway,
          nicolae_vaults_little_squares_3, vaults_room_pool,
          ontoclasm_vaults_gateway, serial_ice_m, serial_shops, shop
Vaults:3: v_misc_14, v_pattern_4, nicolae_vaults_little_squares_5, v_rooms_2,
          hangedman_vaults_maws, minmay_crypt_entry_necro_gods,
          nicolae_vaults_little_squares_2, hangedman_vaults_capsules, v_misc_16,
          ontoclasm_vaults_loading_screen, grunt_vaults_hallway_short,
          vaults_room_pool, vaults_mumra_hexcomb, serial_shops,
          nicolae_shop_statue_plus
Vaults:4: v_misc_2, ontoclasm_vaults_ring_small, vaults_room_fours,
          nicolae_vaults_arrows, st_octagons_1, ontoclasm_vaults_twist,
          hangedman_vaults_hat, ontoclasm_vaults_ligature,
          ontoclasm_vaults_pinch, vaults_standard_mumra_x, vaults_mumra_lcd,
          dpeg_vaults_monster_box, serial_shops, shop
Crypt:1:  serial_sigils_hangedman_shear, grunt_crypt_arrival_split
Crypt:3:  evilmike_haunted_forest, uniq_boris
Depths:1: enter_ziggurat_c, roderic_lattice_a, mu_enter_wizlab_3,
          grunt_hell_entry_demonic_statue, grunt_ministairs_1, nrook_uturn,
          st_stairs_7, minmay_hidden_floor, uniq_wiglaf
Depths:2: minmay_smoke_and_mirrors, hangedman_abyss_entry_splay, hellmouth_1,
          old_standard_altar, statue_in_the_mist_lemuel,
          infiniplex_staircase_diamond
Depths:3: minmay_triangles_in_corner, hell_entry, pan_entry,
          small_statue_intersection, hangedman_decor_riveting, uniq_frederick,
          uniq_boris, uniq_nikola
Depths:4: box_level_dp, hell_entry, abyss_entry, uniq_jorgrun, uniq_xtahua
Depths:5: grunt_zot_entry_gee_three, grunt_hell_entry_dis_old, serial_shops,
          shop, shop_statue, shop, shop, hangedman_decor_peaks_small,
          basic_stair_grate_trap, uniq_sojobo, uniq_margery
Zot:1:    evilmike_crystal_ball_defense
Zot:2:    grunt_zot_stairs_mandelzot
Zot:3:    grunt_megastairs_3
Abyss:1:  evilmike_abyss_exit_kraken
Abyss:3:  evilmike_abyss_exit_12
Pan:      rand_demon_4, pan_blood_fountain_small, grunt_pan_sceptre,
          evilmike_mini_pan_possible_glass, enter_ziggurat_pan_d,
          nicolae_pan_mnolegish_3, evilmike_mini_pan_possible_glass,
          evilmike_mini_pan_layers, lemuel_hellion_island, pan_blood_fountain_2,
          grunt_pan_zigzag, gloorx_vloq, pan_blood_fountain_2, lom_lobon,
          pan_blood_fountain_small
Lab:      labyrinth_spiral, nicolae_lab_hexagon, nicolae_lab_plus
IceCv:    ice_cave_tombish
WizLab:   wizlab_cloud

Action                   |  1- 3 |  4- 6 |  7- 9 | 10-12 | 13-15 | 16-18 | 19-21 | 22-24 | 25-27 || total
-------------------------+-------+-------+-------+-------+-------+-------+-------+-------+-------++-------
Melee: Spear             |     9 |       |       |       |       |       |       |       |       ||     9
       Short sword       |    60 |   154 |   221 |     7 |       |       |       |       |       ||   442
       Dagger            |       |       |   248 |   303 |       |       |       |       |       ||   551
       Rapier            |       |       |       |   542 |  1496 |  1593 |  2046 |  2121 |  4165 || 11963
       Quick blade       |       |       |       |       |       |   219 |    11 |       |       ||   230
       Demon blade       |       |       |       |       |       |       |       |       |     9 ||     9
Throw: Javelin           |       |       |       |     2 |       |       |       |       |       ||     2
       Throwing net      |       |       |       |     2 |       |       |       |       |       ||     2
 Cast: Repel Missiles    |       |       |       |     1 |     1 |     4 |     6 |     1 |       ||    13
       Deflect Missiles  |       |       |       |       |       |       |       |     3 |     9 ||    12
       Regeneration      |       |       |       |       |       |       |       |     8 |    17 ||    25
       Summon Lightning  |       |       |       |       |       |       |       |     2 |     1 ||     3
       Animate Dead      |       |       |       |       |       |       |       |       |     5 ||     5
       Tornado           |       |       |       |       |       |       |       |       |     2 ||     2
Invok: Heroism           |       |       |     4 |     4 |     6 |     7 |     4 |     7 |     2 ||    34
       Finesse           |       |       |       |       |       |       |       |       |     1 ||     1
 Abil: Evoke Invisibilit |       |       |       |       |     2 |       |       |       |       ||     2
Evoke: Wand              |       |       |     3 |    15 |     1 |     5 |     7 |     2 |    10 ||    43
       Phial of floods   |       |       |       |     1 |       |       |     1 |       |     1 ||     3
       Deck              |       |       |       |       |       |       |       |       |     8 ||     8
  Use: Scroll            |       |    11 |    11 |    16 |    14 |    24 |    17 |    12 |    28 ||   133
       Potion            |       |     1 |     1 |     4 |     4 |     5 |     2 |    10 |    26 ||    53
 Stab: Distracted        |       |       |       |     2 |     8 |     7 |     4 |    14 |    17 ||    52
       Invisible         |       |       |       |       |    11 |       |       |     5 |       ||    16
       Sleeping          |       |       |       |       |    15 |    14 |     1 |     7 |    21 ||    58
  Eat: Chunk             |       |     1 |     8 |    14 |     5 |     7 |     8 |     2 |     7 ||    52
       Bread ration      |       |     1 |     2 |       |     1 |     7 |     6 |     5 |    15 ||    37
       Beef jerky        |       |       |       |     3 |       |     1 |     4 |     2 |     3 ||    13
       Royal jelly       |       |       |       |     1 |     2 |     1 |     5 |     3 |       ||    12
       Pizza             |       |       |       |     9 |     1 |       |     4 |     3 |       ||    17
       Fruit             |       |       |       |    12 |    23 |     2 |     3 |       |    21 ||    61
